AoeStats
← That NZ Guy

Pilgrims

509062746Analyzed
4v4 RM · 9d ago on Sep 25, 2026· 59m 31s· 8 players
Game mode
Random Map
Map size
Large (8 player)
Population
200
Speed
Normal
Resources
Standard
Victory
Conquest
Starting age
Dark Age
Ending age
Imperial Age
RankedLock teamsTeams togetherTeam positionsShared explorationLock speedFull tech treeHidden civsTurbo modeCheats
Victory
Defeat
🇬🇧 Spanish · United Kingdom
834
+14
🇨🇦 Varangians · Canada
749
+18
🇺🇸 Saxons · United States
737
+18
🇳🇿 Bohemians · New Zealand
671
+21
🇳🇿 Romans · New Zealand
908
-23
🇳🇿 Malay · New Zealand
874
-21
🇳🇿 Khmer · New Zealand
727
-17
🇦🇺 Khmer · Australia
645
-18
That NZ Guy
21:25 Feudal Age
22:13 Double-Bit Axe
23:07 Wheelbarrow
22:17 Loom
22:18 Horse Collar
22:34 Gold Mining
22:41 Man-at-Arms
24:49 Forging
24:40 Scale Mail Armor
24:54 Stone Mining
29:41 Castle Age
29:58 Long Swordsman
31:44 Hand Cart
31:38 Squires
32:17 Iron Casting
32:13 Chain Mail Armor
32:39 Bow Saw
37:14 Heavy Plow
37:16 Fletching
37:35 Scale Barding Armor
39:11 Bodkin Arrow
39:40 Chain Barding Armor
46:57 Imperial Age
47:00 Legionary
48:56 Blast Furnace
47:57 Legionary
48:03 Legionary
51:07 Legionary
Noctis Ulna
14:22 Feudal Age
19:06 Castle Age
17:16 Double-Bit Axe
18:37 Bloodlines
23:55 Scale Barding Armor
24:00 Forging
30:06 Husbandry
36:45 Loom
IT5 A SQUATCH
14:43 Loom
26:00 Feudal Age
25:45 Arson
28:15 Double-Bit Axe
31:35 Horse Collar
34:59 Castle Age
38:30 Wheelbarrow
42:34 Forging
45:23 Hand Cart
47:54 Iron Casting
51:57 Imperial Age
Kinkee Maori
8:50 Loom
20:59 Feudal Age
22:47 Wheelbarrow
22:10 Fishing Lines
33:49 Castle Age
40:48 Gold Mining
53:32 Scale Barding Armor
weefimonster
11:21 Feudal Age
9:38 Loom
zKiNGvSTON4z
17:56 Feudal Age
19:57 Wheelbarrow
21:07 Horse Collar
21:35 Double-Bit Axe
26:23 Castle Age
28:38 Fletching
28:49 Padded Archer Armor
29:22 Town Watch
31:59 Chemistry
31:14 Bodkin Arrow
31:36 Leather Archer Armor
31:46 Hand Cart
32:47 Pikeman
34:23 Squires
36:59 Town Patrol
37:06 Pikeman
38:54 Masonry
40:03 Loom
Smurfm4n87
9:43 Loom
17:42 Feudal Age
18:23 Town Watch
19:03 Double-Bit Axe
21:05 Man-at-Arms
21:40 Fletching
23:57 Forging
23:48 Scale Mail Armor
30:48 Castle Age
31:21 Pikeman
32:01 Squires
31:27 Crossbowman
32:16 Town Patrol
38:27 Iron Casting
47:20 Horse Collar
48:42 Wheelbarrow
49:47 Clerical Recruitment
51:15 Hand Cart
50:54 Long Swordsman
51:19 Gambesons
51:20 Arson
51:54 Bodkin Arrow
52:14 Chain Mail Armor
52:01 Padded Archer Armor
54:22 Sanctity
58:38 Atonement
58:49 Redemption
Louis Theroux
8:24 Loom
17:00 Feudal Age
18:46 Double-Bit Axe
21:14 Castle Age
19:22 Stone Mining
19:25 Fishing Lines
20:52 Horse Collar
25:45 Gold Mining
26:31 Wheelbarrow
25:42 Town Watch
26:09 Bow Saw
27:18 Pikeman
27:59 Squires
28:14 Scale Mail Armor
28:24 Forging
30:31 Heavy Plow
30:47 Hand Cart
30:32 Town Patrol
30:52 Gillnets
37:03 Imperial Age
36:31 Bloodlines
36:22 Husbandry
38:16 Fletching
38:26 Padded Archer Armor
39:02 Iron Casting
38:42 Chain Mail Armor
38:33 Scale Barding Armor
38:23 Halberdier
40:05 Conscription
42:13 Chemistry
41:34 Ballistics
42:28 Plate Mail Armor
42:58 Blast Furnace
41:54 Bodkin Arrow
42:14 Leather Archer Armor
41:54 Elite Conquistador
44:23 Chain Barding Armor
47:27 Bracer
47:58 Ring Archer Armor
51:22 Plate Barding Armor
51:21 Arson
51:23 Gambesons
55:19 Supremacy
55:35 Hoardings
55:09 Light Cavalry
59:40 Murder Holes
59:56 Fortified Wall
Connection lost

Rejoining the realm…

Still unreachable

The connection could not be restored.

Session expired

The server has moved on; the page needs a fresh start.